 Dungeon Crawl Stone Soup version 0.31.0-11-ge490571c62 (webtiles) character file.

Game seed: 5056279191414521252

39 Bravepunisher the Ducker (level 3, -1/19 HPs)
             Began as a Spriggan Monk on Feb 3, 2024.
             Slain by an iguana (11 damage)
             ... on level 4 of the Dungeon.
             The game lasted 00:03:06 (552 turns).

Bravepunisher the Ducker (Spriggan Monk)             Turns: 552, Time: 00:03:06

Health: -1/19      AC:  2    Str:  6    XL:     3   Next: 26%
Magic:  4/4        EV: 20    Int: 10    God:
Gold:   111        SH:  0    Dex: 23    Spells: 2/2 levels left

rFire   . . .        e - +1 dagger (flame)
rCold   . . .        g - +2 buckler
rNeg    . . .        b - +0 robe
rPois   .            (helmet restricted)
rElec   .            (no cloak)
rCorr   .            (gloves unavailable)
SInv    +            (boots unavailable)
Will    .....        (no amulet)
Stlth   +            (no ring)
HPRegen 0.23/turn    (no ring)
MPRegen 0.09/turn

%: no passive effects
@: confused, ambrosia-drunk, very quick
A: very small, no large weapons, unfitting armour, see invisible, speed 3, horns
1, agile 1
a: no special abilities


You were on level 4 of the Dungeon.
You visited 1 branch of the dungeon, and saw 4 of its levels.

You collected 111 gold pieces.

Inventory:

Hand Weapons
 e - a +1 dagger of flaming (weapon)
Armour
 b - a +0 robe (worn)
 g - a +2 buckler (worn)
Potions
 d - a potion of brilliance


   Skills:
 + Level 2.8 Fighting
 - Level 3.2 Short Blades
 * Level 5.3 Dodging
 + Level 0.1 Shields


You had 2 spell levels left.
You didn't know any spells.
Your spell library was empty.

Dungeon Overview and Level Annotations

Branches:
Dungeon (4/15)
 Temple: D:4-7

Altars:

Shops:
D:1 [


Innate Abilities, Weirdness & Mutations

You are very small and have problems with some larger weapons.
You are too small for most types of armour.
You have supernaturally acute eyesight. (SInv)
You cover ground extremely quickly. (Speed+++)
You have a pair of small horns on your head.
You are agile. (Dex +4, Str/Int -1)


Message History

Your experience leads to an increase in your attributes!
Your base attributes are Str 7, Int 11, Dex 17.
Increase (S)trength, (I)ntelligence, or (D)exterity?
You feel agile. x2
You hit the orc. You burn the orc.
The orc is heavily wounded.
You feel sick.
You are no longer poisoned.
The orc misses you.
You hit the orc. You burn the orc.
The orc is almost dead.
You block the orc's attack.
You closely miss the orc. You headbutt the orc.
You kill the orc!
You hit the iguana but do no damage.
You headbutt the iguana, but do no damage.
The iguana misses you.
You hit the iguana but do no damage. The iguana closely misses you.
You closely miss the iguana.
You headbutt the iguana, but do no damage.
The iguana closely misses you.
You hit the iguana but do no damage. Your headbutt misses the iguana.
The iguana bites you.
Okay, then.
You aren't carrying any scrolls.
Unknown command.
You hit the iguana but do no damage. You headbutt the iguana.
The iguana is lightly wounded.
The iguana misses you.
You completely miss the iguana.
The iguana is lightly wounded.
The iguana completely misses you.
You hit the iguana but do no damage. You headbutt the iguana.
The iguana is moderately wounded.
The iguana bites you!
* * * LOW HITPOINT WARNING * * *
You are confused.
You feel invigorated. The iguana bites you!
Ouch! That really hurt!
You die...

######!........
#...#####.
#.o##
#..######.#
#.........#
#S######### #.#
#.##########
#...l@.....#
############


You could see an iguana.

Vanquished Creatures
  An adder (D:4)
  2 dart slugs (D:1)
  3 orcs
  3 ball pythons
  An endoplasm (D:1)
  3 goblins (D:1)
  A hobgoblin (D:1)
  2 kobolds (D:1)
  A quokka (D:1)
  2 bats (D:1)
  2 rats (D:1)
21 creatures vanquished.

Notes
Turn   | Place    | Note
-------+----------+-------------------------------------------
     0 | D:1      | Bravepunisher the Spriggan Monk began the quest for the
                  | Orb.
     0 | D:1      | Reached XP level 1. HP: 11/11 MP: 2/2
    92 | D:1      | Reached XP level 2. HP: 16/16 MP: 3/3
   183 | D:1      | Found Keat's Antique Armour Emporium.
   334 | D:1      | Reached skill level 5 in Dodging
   528 | D:4      | Gained mutation: You are agile. (Dex +4, Str/Int -1)
                  | [potion of mutation]
   528 | D:4      | Gained mutation: You have a pair of small horns on your
                  | head. [potion of mutation]
   542 | D:4      | Reached XP level 3. HP: 16/19 MP: 4/4
   552 | D:4      | Slain by an iguana

Illustrated notes

Levels and vault maps discovered:
D:1:      amcnicky_arrival_underground_garden, layout_loops_ring, serial_shops,
          shop, minmay_3d_cube
D:2:      minmay_kobold_bridge, layout_rooms
D:3:      layout_basic, vehumet_crystals, mainiacjoe_overflow_boulevard,
          serial_forest, infiniplex_forest_clump_curved,
          infiniplex_forest_clump_double, infiniplex_forest_lined_ring,
          infiniplex_forest_clump_large, infiniplex_forest_clump_small,
          corexii_shack, kennysheep_decorative_pillar, minmay_bisected
D:4:      layout_loops_corners, elyvilon_altar_3,
          nicolae_gozag_zags_fifth_avenue, kennysheep_generic_room_12,
          uniq_natasha

Skill      XL: |  1  2 |
---------------+-------+-----
Dodging        | 5 |  5.3
Fighting       | |  2.8
Short Blades   | |  3.2
Shields        | |  0.1

Action                     || total
---------------------------++-------
  Melee: Short sword       ||    26
         Dagger            ||    55
         Headbutt          ||     6
    Use: Potion            ||     3
         Scroll            ||     1
   Stab: Sleeping          ||     2
 Armour: Robe              ||    22
  Dodge: Dodged            ||    60
  Block: Buckler           ||     1
